[Event "Early-Titled-Tuesday-Blitz-October-10-2023"]
[Site "Chess.com"]
[Date "2023.10.10"]
[Round "8"]
[White "Rutricks"]
[Black "ural58"]
[Result "1-0"]
[WhiteElo "2682"]
[BlackElo "2510"]
[TimeControl "180+1"]
[EndTime "9:27:50 PDT"]
[Termination "Rutricks won on time"]

1. d4 d5 2. g3 Nc6 3. Bg2 Bf5 4. c4 e6 5. a3 Nf6 6. Nc3 Be7 7. Nf3 Ne4 8. cxd5 Nxc3 9. Qb3 Nxd5 10. Qxb7 Na5 11. Qb5+ c6 12. Qa4 O-O 13. Ne5 f6 14. Bd2 fxe5 15.
Bxa5 Nb6 16. Qxc6 Rc8 17. Qb7 Rc7 18. Qa6 exd4 19. O-O Qc8 20. Qb5 Rc5 21. Qb4 Nd5 22. Qd2 Qa6 23. b4 Rcc8 24. Rae1 Nc3 25. e4 Bg6 26. Bh3 Nxe4 27. Qxd4 Bf6 28. Qe3 Ng5 29. Bg4 Rce8 30. h4 Nf7 31. Bxe6 Kh8 32. Qb3 Nd8 33.
Bc4 Qb7 34. Bd5 Qc8 35. Qa4 Rxe1 36. Rxe1 Nf7 37. Bg2 Nh6 38. Qb5 Qc3 39. Rf1 Rg8 40. Qb7 Bd4 41. Qf3 Bd3 42. Rd1 Ba6 43. Qxc3 Bxc3 44. Rd7 Bc4 45. Rc7 1-0

[Event "Early-Titled-Tuesday-Blitz-October-10-2023"]
[Site "Chess.com"]
[Date "2023.10.10"]
[Round "8"]
[White "DrVelja"]
[Black "K_A_S_T_O_R"]
[Result "1/2-1/2"]
[WhiteElo "2849"]
[BlackElo "2904"]
[TimeControl "180+1"]
[EndTime "9:27:52 PDT"]
[Termination "Game drawn by repetition"]

1. e4 c5 2. Nf3 d6 3. d4 cxd4 4.
Nxd4 Nf6 5. Nc3 a6 6. Rg1 g6 7. g4 Bg7 8. g5 Nfd7 9. h4 Nc6 10. Be3 Nde5 11. Be2 Na5 12. b3 Nac6 13. Nd5 Nd7 14. Qd2 Nc5 15. f3 Ne6 16. c3 Nexd4 17. cxd4 e6 18.
Nf6+ Bxf6 19. gxf6 d5 20. O-O-O Qa5 21. Qxa5 Nxa5 22.
h5 Bd7 23. Rd2 Bb5 24. Bd1 O-O-O 25. e5 Kb8 26. Kb2 Rc8 27. Rh2 Rhf8 28. hxg6 hxg6 29. Rh7 Bd3 30. Rgh1 Rc7 31. Rh8 Rxh8 32. Rxh8+ Ka7 33. Re8 Nc6 34. a3 Bf5 35. Bd2 a5 36. b4 axb4 37. axb4 Kb6 38. Bc3 Na7 39. Re7 Nb5 40. Bd2 Na7 41.
Ba4 Nc6 42. Rxc7 Kxc7 43. Bxc6 Kxc6 44. Kc3 Kb5 45. f4 Be4 46. Bc1 Bf5 47. Bb2 Be4 48. Bc1 Bf5 49. Bb2 Be4 50. Bc1 1/2-1/2

[Event "Early-Titled-Tuesday-Blitz-October-10-2023"]
[Site "Chess.com"]
[Date "2023.10.10"]
[Round "8"]
[White "Zavgorodniy_Sergiy"]
[Black "Zhigalko_Sergei"]
[Result "1-0"]
[WhiteElo "2654"]
[BlackElo "2913"]
[TimeControl "180+1"]
[EndTime "9:27:52 PDT"]
[Termination "Zavgorodniy_Sergiy won on time"]

1. e4 c5 2. Nf3 Nc6 3. Bb5 Nf6 4. Qe2 g6 5. c3 Bg7 6. O-O O-O 7. d4 d5 8. e5 Ne4 9. Nbd2 Bf5 10. Bd3 Nxd2 11.
Bxd2 Bg4 12. Be3 cxd4 13. Bxd4 Nxd4 14. cxd4 Qb6 15. Qe3 Bxf3 16. gxf3 e6 17. b3 Qd8 18. f4 Bh6 19. Qg3 Qb6 20. Rad1 Rac8 21. Bb1 Kh8 22. Kh1 f6 23. f5 exf5 24. Rfe1 Rce8 25. Qf3 Qe6 26. Re2 Bg7 27. Rde1 fxe5 28. dxe5 Rd8 29. Bd3 Rc8 30. Bb1 Rfd8 31. h4 b6 32. h5 d4 33. hxg6 hxg6 34. Qh3+ Kg8 35. Rg1 Kf7 36. Kg2 Rc3 37. Bd3 Rh8 38. Qf3 Rhc8 39. Rh1 R8c7 40.
Rh7 b5 41. Rh4 Rd7 42. Rh7 a6 43. Qa8 Qd5+ 44. Qxd5+ Rxd5 45. e6+ Ke7 46. Rxg7+ Kf6 47. Rf7+ Kg5 48. e7 1-0

[Event "Early-Titled-Tuesday-Blitz-October-10-2023"]
[Site "Chess.com"]
[Date "2023.10.10"]
[Round "8"]
[White "Leonid_Starozhilov"]
[Black "SirStrateg"]
[Result "1-0"]
[WhiteElo "2746"]
[BlackElo "2586"]
[TimeControl "180+1"]
[EndTime "9:27:52 PDT"]
[Termination "Leonid_Starozhilov won by resignation"]

1. c4 e5 2. Nc3 Nf6 3. Nf3 Nc6 4. g3 Bb4 5. Qc2 d6 6. Bg2 O-O 7. d3 h6 8. O-O Re8 9. e4 Bg4 10. Be3 Bxf3 11. Bxf3 Bc5 12. Kg2 a5 13. a3 Nd4 14.
Qd1 c6 15. Rb1 Ba7 16. h3 Nh7 17. Bg4 Ne6 18. Bxe6 Rxe6 19. Bxa7 Rxa7 20. d4 Qc7 21. d5 Re8 22. Qd3 Raa8 23. Rfd1 Red8 24. dxc6 bxc6 25.
b4 axb4 26. axb4 Nf6 27. Rb3 Qb7 28. b5 cxb5 29. cxb5 Rac8 30. Nd5 Ne8 31. b6 Nf6 32. Nxf6+ gxf6 33. Qd5 Rb8 34. Rc1 Qxd5 35. exd5 Rb7 36. Rc7 Rdb8 37. Rxb7 Rxb7 38. g4 f5 39. gxf5 Kg7 40.
Kf3 Kf6 41. Ke4 Kg5 42. f6 Kxf6 43. f4 exf4 44. Kxf4 Kg6 45. Ke4 f5+ 46. Kd4 Kg5 47. Kc4 f4 48. Kb5 Kf5 49. Kc6 Rb8 50. Kxd6 Ke4 51. Kc7 Rxb6 52. Rxb6 Kxd5 53. Rxh6 Ke4 54. Rf6 f3 55. h4 1-0

[Event "Early-Titled-Tuesday-Blitz-October-10-2023"]
[Site "Chess.com"]
[Date "2023.10.10"]
[Round "8"]
[White "Grossboss19"]
[Black "Aleksandar-Topalov"]
[Result "1-0"]
[WhiteElo "2519"]
[BlackElo "2383"]
[TimeControl "180+1"]
[EndTime "9:27:52 PDT"]
[Termination "Grossboss19 won on time"]

1. Nf3 Nf6 2. g3 g6 3. Bg2 Bg7 4. O-O O-O 5. c4 d6 6. d4 Nbd7 7. b3 c5 8. Bb2 cxd4 9. Bxd4 Nc5 10. e3 Bf5 11. Nbd2 a5 12. Nh4 Bg4 13. f3 Bd7 14.
e4 Qb6 15. Kh1 a4 16. Qc2 axb3 17. axb3 Bc6 18. Qb2 Nh5 19. Bxg7 Nxg7 20. Qc3 Na6 21. f4 Nb4 22. Nhf3 Ne6 23. f5 Nc5 24. Nd4 Nbd3 25. f6 e5 26. Nxc6 bxc6 27. h4 Qb4 28. Qc2 Ra3 29.
Rxa3 Qxa3 30. Rf3 Qa1+ 31. Kh2 Qd4 32. Bf1 Nb4 33. Qc3 Qxc3 34. Rxc3 Ra8 35. Kh3 Ra2 36. Nf3 h6 37. h5 g5 38. Kg4 Ra1 39. Bg2 Ra2 40. Bf1 Nxe4 41. Re3 Nf2+ 42. Kf5 d5 43. Rxe5 Kf8 44. cxd5 Nxd5 45. Bc4 g4 46. Nh4 Nh3 47. Bxd5 Rf2+ 48. Kxg4 Ng5 49.
Bxc6 1-0

[Event "Early-Titled-Tuesday-Blitz-October-10-2023"]
[Site "Chess.com"]
[Date "2023.10.10"]
[Round "8"]
[White "GMKrikor"]
[Black "Harry_Rakkel"]
[Result "0-1"]
[WhiteElo "2826"]
[BlackElo "2647"]
[TimeControl "180+1"]
[EndTime "9:27:54 PDT"]
[Termination "Harry_Rakkel won on time"]

1. Nf3 Nf6 2. c4 e6 3. Nc3 Bb4 4. Qc2 c5 5. a3 Bxc3 6. Qxc3 b6 7. b3 Bb7 8. Bb2 O-O 9. e3 d5 10. Be2 Nc6 11. O-O Rc8 12. Rfd1 Qe7 13. cxd5 exd5 14.
d4 Ne4 15. Qe1 Na5 16. dxc5 Nxb3 17. cxb6 Nxa1 18. Rxa1 axb6 19. Bd4 Ra8 20. Qc1 Nd6 21. Qb2 Nf5 22. Bxb6 Rfb8 23. a4 d4 24. a5 dxe3 25. Qe5 exf2+ 26. Kxf2 Re8 27. Qxe7 Rxe7 28. Bd3 Nd6 29. Bc5 Ne4+ 30. Bxe4 Rxe4 31. Bb6 Ba6 32. Nd4 Rae8 33. h3 h5 34. Kg3 h4+ 35. Kh2 Rc8 36.
Nf5 Rc2 37. Rg1 g6 38. Nd4 Ra2 39. Nf3 Bb7 40. Bd8 Rc4 41. Nxh4 Rd4 42. Bf6 Rf4 43.
Bg5 Rff2 44. Bd8 Rfd2 45. Bg5 Rd5 46. Bf6 g5 47. Nf3 Rf5 48. Nxg5 Rxf6 49. Rb1 Rg6 50. h4 Bxg2 0-1

[Event "Early-Titled-Tuesday-Blitz-October-10-2023"]
[Site "Chess.com"]
[Date "2023.10.10"]
[Round "8"]
[White "THE_PLAYER6"]
[Black "GeorgiosSouleidis"]
[Result "1-0"]
[WhiteElo "2533"]
[BlackElo "2637"]
[TimeControl "180+1"]
[EndTime "9:27:54 PDT"]
[Termination "THE_PLAYER6 won on time"]

1. d4 Nf6 2. c4 g6 3. Nc3 Bg7 4. e4 d6 5. h3 O-O 6. Be3 e5 7. d5 a5 8. g4 Na6 9. Nge2 Nc5 10. Ng3 Ne8 11. h4 f5 12. exf5 gxf5 13. gxf5 Bxf5 14.
Nxf5 Rxf5 15. Bxc5 dxc5 16. Ne4 b6 17. Ng5 Qf6 18.
Qc2 Nd6 19. Bh3 Rxg5 20. Be6+ Kf8 21. hxg5 Qxg5 22. Qxh7 Ke7 23. Qh4 Qxh4 24. Rxh4 Rf8 25. Rh7 Kf6 26. b3 Kg6 27. Rh2 Bh6 28. Ke2 Bf4 29.
Rg1+ Kf6 30. Rh7 e4 31. Rxc7 Nxc4 32. Rcg7 Nd6 33. Bg8 Ke5 34. Re7+ Kd4 35. Rg4 Kc3 36. Bh7 Kb2 37. Bxe4 Kxa2 38. Bc2 Kb2 39. Bd1 a4 40. bxa4 c4 41. Rc7 c3 42. Rc6 Be5 43.
Rxb6+ Ka3 44. Rb3+ Ka2 45. Rg5 Re8 46. Kd3 Bf4 47.
Rg4 Be5 48. f4 Bf6 49. Rb6 Ne4 50. Rg6 Nc5+ 51. Kc2 Bd4 52. Rb4 Bf2 53. Kxc3 Re1 54. Bb3+ Nxb3 55. Rxb3 Re3+ 56. Kc4 Rxb3 57. Rg2 Rb2 58.
d6 Ka3 59. d7 Rb4+ 60. Kc3 Bd4+ 61. Kd3 Bb6 62. Rg6 Rd4+ 63. Kc3 Bc5 64. Rc6 Rxd7 65.
Rxc5 Kxa4 66. f5 Rd1 67. Kc4 1-0

[Event "Early-Titled-Tuesday-Blitz-October-10-2023"]
[Site "Chess.com"]
[Date "2023.10.10"]
[Round "8"]
[White "Radislav_Atanasov"]
[Black "Gyulamiryan-koryun"]
[Result "1-0"]
[WhiteElo "2283"]
[BlackElo "1995"]
[TimeControl "180+1"]
[EndTime "9:27:55 PDT"]
[Termination "Radislav_Atanasov won on time"]

1. e4 e5 2. Nf3 Nc6 3. Bb5 a6 4.
Ba4 Nf6 5. O-O Be7 6. Re1 b5 7. Bb3 O-O 8. a4 b4 9. a5 d5 10. exd5 Nxd5 11. Nxe5 Nxe5 12. Rxe5 c6 13. d4 Bd6 14.
Re1 Qh4 15. g3 Qh3 16. Qf3 Bg4 17. Qg2 Qh5 18. Be3 Rae8 19. Nd2 Re6 20. Nc4 Bf3 21. Qf1 Bc7 22. Bd2 Bf4 23. Ne3 Rh6 24. h4 Bc7 25.
Nxd5 cxd5 26. Bxh6 Qxh6 27. Re3 Be4 28. Rae1 Bb8 29. c4 dxc4 30. Bxc4 Bb7 31. Re8 Qc6 32. d5 Qd7 33. R1e7 Qxe8 34. Rxe8 Rxe8 35. Bxa6 Bxd5 36.
Bb5 Rf8 37. a6 Ba7 38. Qd3 Be6 39. Bc4 Bg4 40. Qd6 Re8 41. Qxb4 Re1+ 42. Qxe1 h6 43. Qe4 Bh5 44. Qd5 Bg6 45. Qd8+ Kh7 46. Qd7 Bc5 47. Bxf7 1-0

[Event "Early-Titled-Tuesday-Blitz-October-10-2023"]
[Site "Chess.com"]
[Date "2023.10.10"]
[Round "8"]
[White "kirillshevchenko"]
[Black "Cayse"]
[Result "1-0"]
[WhiteElo "2981"]
[BlackElo "2846"]
[TimeControl "180+1"]
[EndTime "9:27:57 PDT"]
[Termination "kirillshevchenko won on time"]

1. c4 e6 2. g3 d5 3. Bg2 Nf6 4. Nf3 Be7 5. O-O O-O 6. b3 d4 7. e3 c5 8. exd4 cxd4 9. Ne5 Qc7 10. Re1 Nfd7 11. Qe2 Nxe5 12. Qxe5 Qxe5 13. Rxe5 Nd7 14. Re4 Nc5 15. Rxd4 Bf6 16. Bb2 Nd3 17. Bc3 Bxd4 18. Bxd4 Rd8 19. Be3 Rb8 20. Bxa7 Ra8 21. Bb6 Rd7 22.
Nc3 Ra6 23. Be3 b6 24. Kf1 Bb7 25. Bxb7 Rxb7 26. Ke2 Rd7 27. Na4 Nb4 28. Nxb6 Rb7 29. Na4 Rb8 30. d4 h5 31. Kd2 Nxa2 32. Rxa2 Rxb3 33.
Rb2 Ra3 34. Nc5 Rc6 35. h4 Kh7 36. Rb7 Ra2+ 37. Kd3 Kg6 38. Nd7 f6 39. Nf8+ Kf5 40. Rxg7 Rca6 41. c5 R6a3+ 42. Kc4 Ra4+ 43. Kb5 Ra5+ 44. Kc6 Ra6+ 45. Kd7 Ra7+ 46. Kd6 Rxg7 47. c6 Ra8 48. Nxe6 Rf7 49. d5 Ke4 50. Bb6 Kf3 51.
c7 Rc8 52. Kc6 1-0

[Event "Early-Titled-Tuesday-Blitz-October-10-2023"]
[Site "Chess.com"]
[Date "2023.10.10"]
[Round "8"]
[White "Tssunami"]
[Black "ama18"]
[Result "0-1"]
[WhiteElo "2401"]
[BlackElo "2541"]
[TimeControl "180+1"]
[EndTime "9:28:00 PDT"]
[Termination "ama18 won on time"]

1. d4 Nf6 2. Bg5 e6 3. Nd2 b6 4. e4 h6 5. Bh4 Be7 6. e5 Nd5 7. Bg3 Bb7 8. c4 Nb4 9. a3 N4c6 10. Ngf3 d5 11. cxd5 Qxd5 12. Bc4 Qd7 13. Ne4 Na5 14.
Bd3 Bd5 15. b4 Nb7 16. O-O a5 17. b5 a4 18. Qe2 Na5 19. Nfd2 Qd8 20. f4 Nd7 21. f5 exf5 22. Rxf5 Be6 23. Rf2 Nf8 24. Qe3 Ng6 25. Raf1 Nb3 26. Nxb3 axb3 27. Nd6+ cxd6 28. Bxg6 O-O 29. Be4 d5 30. Bb1 Rxa3 31. Qd3 g6 32. Qd2 Bg5 33. Qb2 Qe7 34. Rf3 Rfa8 35. Rxb3 Rxb3 36. Qxb3 Ra3 37. Qb2 Ra4 38. Qc3 Qb4 39.
Qc7 Qxd4+ 40. Kh1 Qc5 41. Qb8+ Kg7 42. h4 Be7 43. h5 Qc8 44. Qxb6 Bc5 45. Qc6 Qxc6 46.
bxc6 gxh5 47. Rc1 Rc4 48. Rxc4 dxc4 49. Be4 Bb6 50. Be1 Kf8 51. Bb4+ Ke8 52. Bd6 Kd8 53. Kh2 c3 54. Bc2 Bd5 55. Ba4 Be4 56. Kg3 c2 57. Ba3 Be3 58. Bd6 c1=Q 59. c7+ Kc8 60. Bb5 Bb7 61. Be2 Bb6 62. Bxh5 Bxc7 63. Bg4+ Kb8 0-1

[Event "Early-Titled-Tuesday-Blitz-October-10-2023"]
[Site "Chess.com"]
[Date "2023.10.10"]
[Round "8"]
[White "feuervogel1000000"]
[Black "farzadbfd"]
[Result "1-0"]
[WhiteElo "2532"]
[BlackElo "2683"]
[TimeControl "180+1"]
[EndTime "9:28:04 PDT"]
[Termination "feuervogel1000000 won on time"]

1. e4 e5 2. Nf3 Nc6 3. Bb5 a6 4. Ba4 Nf6 5. O-O b5 6. Bb3 Bc5 7. c3 d6 8. d4 Bb6 9. a4 Bb7 10.
Re1 h6 11. Na3 O-O 12. Bc2 Re8 13. d5 Ne7 14. Be3 Ng6 15. Bxb6 cxb6 16. axb5 axb5 17. Nxb5 Rxa1 18. Qxa1 Nh5 19. Qa7 Re7 20. Qa3 Rd7 21. c4 Qf6 22. Qe3 Ngf4 23. g3 Ng6 24. Nd2 Ba6 25.
Bd1 Bxb5 26. cxb5 Nhf4 27. gxf4 Nxf4 28. Kh1 Rc7 29. Qxb6 Rc1 30. Qe3 Qg5 31. Bf3 Rc2 32. Rg1 Qh4 33. b6 Rxb2 34. Bg4 g6 35. Bc8 Kg7 36. b7 h5 37. Nf3 Qd8 38. Nd4 Qc7 39. Nc6 Rxb7 40. Bxb7 Qxb7 41. Qc3 Qc7 42. Qg3 Ne2 43. Qe3 Nxg1 44. Kxg1 Qb7 45. Kg2 Qb1 46.
Qf3 Qc2 47. Nd8 Qc7 48. Nc6 Qb7 49. Qg3 Qd7 50. Qg5 f6 51. Qg3 g5 52. Qh3 1-0

[Event "Early-Titled-Tuesday-Blitz-October-10-2023"]
[Site "Chess.com"]
[Date "2023.10.10"]
[Round "8"]
[White "viktorgen2021"]
[Black "Mr_Lion22"]
[Result "1-0"]
[WhiteElo "2392"]
[BlackElo "2495"]
[TimeControl "180+1"]
[EndTime "9:28:04 PDT"]
[Termination "viktorgen2021 won on time"]

1. d4 d5 2. Nf3 c6 3. c4 e6 4. e3 Bd6 5. Nbd2 f5 6. Bd3 Nf6 7. O-O O-O 8. b3 Ne4 9. a4 a5 10. Ba3 Bxa3 11. Rxa3 Na6 12. Ra1 Nb4 13. Bb1 Bd7 14.
Ne5 Be8 15. f3 Nxd2 16. Qxd2 Bh5 17. Nd3 Nxd3 18. Bxd3 Kh8 19. c5 Qc7 20. f4 Rg8 21. b4 axb4 22. Qxb4 g5 23. a5 gxf4 24. exf4 Rg7 25.
Ra2 Rag8 26. Kh1 Rg4 27. g3 Qg7 28. Rg2 Qh6 29. Qe1 R4g7 30. Be2 Be8 31. Bf3 Qf6 32. Qe5 Qxe5 33. dxe5 Bg6 34. Rb1 Ra8 35. Ra2 Ra7 36. Rb6 Rc7 37. Be2 Kg7 38. a6 Be8 39. axb7 Rcxb7 40. Rab2 Rc7 41. Rb8 Bf7 42. Kg2 h5 43. h3 Ra4 44.
Kf3 Ra5 45. Rc2 Raa7 46. Rb6 Rab7 47. Rcb2 Ra7 48. Ba6 Kg6 49. g4 hxg4+ 50. hxg4 fxg4+ 51. Kxg4 Kh6 52. Rh2+ Kg7 53. Bd3 Ra3 54. Bc2 Rc3 55. Rb8 1-0

[Event "Early-Titled-Tuesday-Blitz-October-10-2023"]
[Site "Chess.com"]
[Date "2023.10.10"]
[Round "8"]
[White "Russian_berezka"]
[Black "Smiechu"]
[Result "1-0"]
[WhiteElo "2655"]
[BlackElo "2497"]
[TimeControl "180+1"]
[EndTime "9:28:07 PDT"]
[Termination "Russian_berezka won on time"]

1. d4 Nf6 2. c4 c5 3. d5 e6 4.
Nc3 exd5 5. cxd5 d6 6. Nf3 g6 7. Nd2 Nbd7 8. e4 Bg7 9. Be2 O-O 10. O-O Re8 11. a4 a6 12. h3 Rb8 13. Re1 Qc7 14.
Qc2 c4 15. a5 b5 16. axb6 Nxb6 17. Nf3 Nbd7 18. Ra4 Nb6 19. Ra1 Nfd7 20. Bf4 Nc5 21.
Bf1 Nb3 22. Rad1 Nd7 23. Na4 Rb4 24. Nc3 Ne5 25. Nxe5 Bxe5 26. Bxe5 Rxe5 27. Re3 Qb6 28. Na2 Nd4 29. Rxd4 Rxb2 30. Qxc4 Bd7 31. Nc3 Re8 32. Qxa6 Qxd4 33. Qxd6 Rb7 34. e5 Qb6 35. Ne4 Rf8 36. Nf6+ Kg7 37. Qxb6 Rxb6 38. Nxd7 Rb7 39. Nxf8 Kxf8 40.
d6 Ke8 41. e6 fxe6 42. Rxe6+ Kf7 43. Re7+ Rxe7 44. dxe7 Kxe7 45. Bd3 Kf6 46. g4 h6 47.
f4 g5 48. f5 Ke5 49. Kg2 h5 50. gxh5 Kf6 51. h6 Kf7 52. Bc4+ Kf6 53. Kg3 1-0

[Event "Early-Titled-Tuesday-Blitz-October-10-2023"]
[Site "Chess.com"]
[Date "2023.10.10"]
[Round "8"]
[White "FontVella8"]
[Black "MatthewG-p4p"]
[Result "1-0"]
[WhiteElo "2639"]
[BlackElo "2798"]
[TimeControl "180+1"]
[EndTime "9:28:10 PDT"]
[Termination "FontVella8 won by resignation"]

1. e4 e6 2. d4 d5 3. Nc3 Bb4 4. e5 Ne7 5. Qg4 c5 6. Bd2 Nbc6 7.
dxc5 O-O 8. Nf3 f5 9. exf6 Rxf6 10. O-O-O e5 11. Qg3 Nf5 12. Qg5 h6 13. Qh5 Be6 14. Ne4 dxe4 15. Bxb4 Nxb4 16. Rxd8+ Rxd8 17. Ne1 g6 18. Qe2 Nd4 19. Qe3 Nf5 20. Qe2 Ng3 21. fxg3 Rf2 22. a3 Rxe2 23. Bxe2 Nd5 24. c3 Ne3 25. Nc2 Nf5 26. Rd1 Rc8 27. b4 b6 28. cxb6 axb6 29. Kb2 Kf7 30. a4 Ke7 31. g4 Nd6 32.
Ne3 Bf7 33. Nd5+ Bxd5 34. Rxd5 Ke6 35. Rd1 Rf8 36. Rf1 Ra8 37. Kb3 Rd8 38. c4 Nb7 39. Rd1 Rf8 40. g5 h5 41. Rf1 Rd8 42. Kc3 Nd6 43.
Rf6+ Ke7 44. Rxg6 Nf5 45. Rxb6 e3 46. a5 Rd2 47. Bf3 Nd4 48. a6 Ra2 49. Rb7+ Ke6 50.
a7 e2 51. Bxe2 Nxe2+ 52. Kb3 Ra1 53. Kb2 Ra4 54. b5 Nd4 55. Rb6+ Kd7 56. Ra6 Rb4+ 57. Ka2 Rxc4 58. a8=Q Rc2+ 59. Kb1 Rc7 60. Qd5+ 1-0

[Event "Early-Titled-Tuesday-Blitz-October-10-2023"]
[Site "Chess.com"]
[Date "2023.10.10"]
[Round "8"]
[White "invisible_s0ul"]
[Black "atalz0"]
[Result "0-1"]
[WhiteElo "2309"]
[BlackElo "2492"]
[TimeControl "180+1"]
[EndTime "9:28:10 PDT"]
[Termination "atalz0 won on time"]

1. e4 d5 2. exd5 Nf6 3. d4 Nxd5 4. c3 Nc6 5. Bd3 g6 6. Ne2 Bg7 7. O-O O-O 8. Nf4 e5 9. dxe5 Nxe5 10. Be4 Nf6 11. Bc2 c6 12. h3 Qc7 13. Be3 Rd8 14.
Qe2 Bd7 15. Nd2 Re8 16. Nf3 Neg4 17. hxg4 Qxf4 18. Bxf4 Rxe2 19. Nd4 Ree8 20. f3 Nd5 21. Bd2 c5 22. Nb3 b6 23. Rfe1 Bc6 24. Be4 Rac8 25.
Kf2 Kf8 26. Rh1 Kg8 27. Rae1 Ne7 28. Bxc6 Nxc6 29. Bf4 Ne5 30. Bxe5 Bxe5 31. Nd2 Bg7 32. Ne4 Rcd8 33. Rd1 h6 34. Rhe1 Kf8 35. Rxd8 Rxd8 36. Ke2 f5 37. gxf5 gxf5 38. Ng3 Re8+ 39. Kd2 Rxe1 40.
Kxe1 f4 41. Nf5 Kf7 42. Nd6+ Ke6 43. Nc8 Be5 44. Nxa7 Kd5 45. Nc8 b5 46. Ne7+ Ke6 47. Ng6 Bd6 48. Ke2 Kf6 49. Nh4 Kg5 50. g3 fxg3 51.
Ng2 Kf5 52. Ke3 h5 53. Nh4+ Kg5 54. Ng2 h4 55. f4+ Kg4 56. f5 h3 57. Ne1 h2 0-1

[Event "Early-Titled-Tuesday-Blitz-October-10-2023"]
[Site "Chess.com"]
[Date "2023.10.10"]
[Round "8"]
[White "SharapovEvgeny"]
[Black "Itk04"]
[Result "1/2-1/2"]
[WhiteElo "2620"]
[BlackElo "2746"]
[TimeControl "180+1"]
[EndTime "9:28:12 PDT"]
[Termination "Game drawn by agreement"]

1. e4 c5 2. Nf3 d6 3. d4 cxd4 4. Nxd4 Nf6 5. f3 a6 6. c4 e6 7. Nc3 b6 8. Be3 Bb7 9. Be2 Nbd7 10. O-O Be7 11. Qd2 O-O 12. Rfc1 Qc7 13. Bf1 Rac8 14.
Rab1 Rfe8 15. Kh1 Qb8 16. Rc2 Bd8 17. b4 Bc7 18. Bg1 Kh8 19. Qc1 Rg8 20. Nb3 g5 21. c5 dxc5 22. bxc5 b5 23. a4 b4 24. Na2 g4 25. c6 Bf4 26. Qb2 Rxc6 27. Nxb4 Rxc2 28.
Qxc2 gxf3 29. gxf3 Ne5 30. Bg2 Qf8 31. Nc5 Ba8 32. Nbd3 Qh6 33. Nxf4 Qxf4 34. Nd3 Nxd3 35. Qxd3 Nh5 36. Qe3 Qh4 37. Bf2 Qf6 38. Rg1 Nf4 39.
Bf1 Rxg1+ 40. Bxg1 Bc6 41. a5 e5 42. Bxa6 Ba4 43. Bf1 Bd1 44. a6 Nh5 45. a7 Bxf3+ 46. Bg2 Bxg2+ 47. Kxg2 Nf4+ 48. Qxf4 Qxf4 49. a8=Q+ Kg7 50.
Qd5 Qg4+ 51. Kf2 Qf4+ 52. Ke2 Qg4+ 53. Kf1 Qh3+ 54. Ke1 Qh4+ 55. Bf2 Qxh2 56. Ke2 Qh5+ 57. Ke3 Qg5+ 58. Ke2 h5 59. Qd7 Qg4+ 60. Qxg4+ hxg4 61. Bg3 f5 62. exf5 Kf6 63. Ke3 Kxf5 64. Bh2 e4 1/2-1/2

[Event "Early-Titled-Tuesday-Blitz-October-10-2023"]
[Site "Chess.com"]
[Date "2023.10.10"]
[Round "8"]
[White "WelshTiger"]
[Black "GlavkonVVS"]
[Result "1-0"]
[WhiteElo "2424"]
[BlackElo "2533"]
[TimeControl "180+1"]
[EndTime "9:28:13 PDT"]
[Termination "WelshTiger won on time"]

1. c3 Nf6 2. g3 d5 3. Bg2 Bf5 4. d3 c5 5. Nd2 Nc6 6. Ngf3 e6 7. O-O h6 8. Re1 Be7 9. e4 Bh7 10. Qe2 O-O 11. h4 b5 12. a4 b4 13. exd5 Nxd5 14.
Ne4 Rc8 15. Be3 bxc3 16. bxc3 Na5 17. Ne5 Qc7 18. Nc4 Nxc4 19. dxc4 Bxe4 20. Bxe4 Nxc3 21. Qf3 Nxe4 22. Qxe4 Bf6 23. Rab1 Rb8 24. Rb5 Rxb5 25. axb5 Rd8 26. Kg2 Bd4 27. Bf4 Qa5 28. Re2 Qc3 29. Bc7 Rf8 30. Rc2 Qb3 31. h5 Rc8 32.
Bf4 Qa4 33. Bd6 Re8 34. g4 Qb3 35. Bf4 Qb1 36. g5 hxg5 37. Bxg5 f5 38. Qd3 Kf7 39. Qe2 Qb3 40. Ra2 Ra8 41. Ra6 e5 42. h6 g6 43. h7 e4 44. Rc6 Rh8 45. Rc7+ Ke6 46. Re7+ Kd6 47. Rxa7 Qd3 48. Bf4+ Ke6 49. Qxd3 exd3 50.
b6 Be5 51. Bd2 f4 52. Kf3 Kf5 53. Rf7+ Ke6 54. Ra7 Rb8 55. b7 Rh8 56. Ra8 Rxh7 57.
Re8+ Kd7 58. Rxe5 Kc7 59. Rxc5+ Kxb7 60. Bxf4 Rh3+ 61. Ke4 Rh4 62. Rd5 d2 63. Kf3 1-0

[Event "Early-Titled-Tuesday-Blitz-October-10-2023"]
[Site "Chess.com"]
[Date "2023.10.10"]
[Round "8"]
[White "RodTwinkz"]
[Black "Josgar05"]
[Result "1-0"]
[WhiteElo "2792"]
[BlackElo "2285"]
[TimeControl "180+1"]
[EndTime "9:28:15 PDT"]
[Termination "RodTwinkz won by resignation"]

1. e4 c5 2. Nc3 a6 3. a4 e6 4. f4 d5 5. Nf3 dxe4 6. Nxe4 Nc6 7. d3 Nf6 8. Nf2 Be7 9. g3 O-O 10. Bg2 Qc7 11. O-O b6 12. b3 Bb7 13. Bb2 Rad8 14.
Re1 Nd4 15. c3 Nf5 16. Qe2 h5 17. Ne4 Ng4 18. Bc1 Qd7 19. Bf1 Bc6 20. Ne5 Nxe5 21. fxe5 Qd5 22. Qxh5 g6 23. Qg4 Qxe5 24. Bf4 Qg7 25.
Rad1 Bd5 26. Rb1 Rd7 27. h4 Rfd8 28. Bg5 Bxe4 29. dxe4 Bxg5 30. hxg5 Ne7 31. Bxa6 Qxc3 32. Bb5 Rd2 33. Re2 Rxe2 34. Qxe2 Qxg3+ 35. Qg2 Qe3+ 36. Qf2 Qxg5+ 37. Kf1 Kg7 38. Re1 e5 39. Bc4 Rd2 40.
Qxf7+ Kh6 41. Qf8+ Kh5 42. Be2+ Rxe2 43. Rxe2 Qf4+ 44.
Qxf4 exf4 45. Rh2+ Kg4 46. Rd2 Kf3 47. Rd7 Nc6 48.
Rd6 Ne5 49. Rxb6 g5 50. a5 g4 51. a6 g3 52. a7 g2+ 53. Kg1 Kg3 54. Rg6+ Nxg6 55.
a8=Q f3 56. Qb8+ Kh3 57. Kf2 Kg4 58. Qg3+ Kh5 59. Qxf3+ Kg5 60. Qxg2+ Kf6 61. Qf3+ 1-0

[Event "Early-Titled-Tuesday-Blitz-October-10-2023"]
[Site "Chess.com"]
[Date "2023.10.10"]
[Round "8"]
[White "Boxerandchessplayer"]
[Black "ajedrezhoy"]
[Result "1/2-1/2"]
[WhiteElo "2184"]
[BlackElo "2366"]
[TimeControl "180+1"]
[EndTime "9:28:17 PDT"]
[Termination "Game drawn by repetition"]

1. d4 Nf6 2. Nf3 b6 3. c4 Bb7 4. Nc3 g6 5. Bf4 Bg7 6. e3 d5 7. Be2 O-O 8. O-O Nbd7 9. h3 e6 10. Bg5 h6 11. Bh4 g5 12. Bg3 Ne4 13. Bh2 f5 14. Ne5 Nxe5 15. dxe5 Nxc3 16. bxc3 Qe7 17. Bf3 Rad8 18. Qa4 a5 19. Rfd1 Ba8 20. Kh1 Qc5 21. Qb5 Qxb5 22. cxb5 c6 23. bxc6 Bxc6 24. c4 Ba8 25.
cxd5 Bxd5 26. Bxd5 Rxd5 27. Rxd5 exd5 28. Rd1 Rd8 29. e6 Kf8 30. Bc7 Rc8 31. Bxb6 Ke7 32. Rxd5 Kxe6 33. Rxa5 Rc2 34. Kg1 Rc1+ 35. Kh2 Rf1 36.
g3 Rxf2+ 37. Kg1 Rc2 38. Bd4 Bf8 39. Ra6+ Kd5 40. Rf6 Bd6 41. Rxf5+ Ke4 42. Rf2 Rc1+ 43. Kg2 h5 44. Bf6 Rc5 45. Bd4 Ra5 46. Rd2 Bb4 47. Rb2 Bd6 48. Rf2 g4 49. hxg4 hxg4 50. Bc3 Ra4 51. Bd4 Ra5 52. Rb2 Ra4 53. Rd2 Bb4 54. Rc2 Bd6 55. Rf2 Bc7 56. Kh2 Ra6 57. Kg2 Ra4 58. Re2 Ra6 59. Rf2 Ra4 1/2-1/2

[Event "Early-Titled-Tuesday-Blitz-October-10-2023"]
[Site "Chess.com"]
[Date "2023.10.10"]
[Round "8"]
[White "kuanysh1981"]
[Black "Virgo15"]
[Result "0-1"]
[WhiteElo "2526"]
[BlackElo "2730"]
[TimeControl "180+1"]
[EndTime "9:28:21 PDT"]
[Termination "Virgo15 won by resignation"]

1. d4 Nf6 2. c4 g6 3. Nc3 Bg7 4. e4 d6 5. f3 O-O 6. Be3 Nc6 7. Qd2 a6 8. O-O-O e5 9. d5 Nd4 10. Nge2 c5 11. dxc6 bxc6 12. Nxd4 exd4 13. Bxd4 Be6 14. Be3 Ne8 15. Bh6 Bxh6 16. Qxh6 Rb8 17. h4 Ng7 18. h5 g5 19. e5 Qb6 20. Rd2 Bf5 21. Qxg5 h6 22. Qxh6 Qa5 23. Qe3 Rfe8 24. f4 dxe5 25.
Bd3 exf4 26. Qxf4 Bxd3 27. Rxd3 Qe5 28. Rf3 Qxf4+ 29. Rxf4 Ne6 30. Rf5 Nd4 31. Rg5+ Kh7 32. Rf1 f5 33. g4 Re3 34. gxf5 Rbe8 35. f6 Re1+ 36. Rxe1 Rxe1+ 37. Kd2 Nf3+ 38. Kd3 Nxg5 39. b4 Rf1 40. Kd4 Rxf6 41. Kc5 Rf3 42. Na4 Ra3 43. Nb6 Rxa2 44. Kxc6 Rb2 45. Nd5 Ne4 46. Kb6 Ra2 47.
c5 Rd2 48. Nc7 Rd4 49. Nxa6 Kg7 50. c6 Rc4 51. b5 Nf6 52. Nc5 Nd5+ 53. Kb7 Rxc5 54. b6 Rb5 55. c7 Rxb6+ 56. Ka7 Rc6 57. h6+ Kh8 0-1